 Dungeon Crawl Stone Soup version 0.28-a0-1404-g4df0f3684d (webtiles) character file.

Game seed: 545056881965842225

438 lonewolfV2 the Skirmisher (level 6, -1/38 (52) HPs)
             Began as a Palentonga Fighter on Jan 5, 2022.
             Slain by Edmund (3 damage)
             ... on level 4 of the Dungeon.
             The game lasted 00:06:31 (4423 turns).

lonewolfV2 the Skirmisher (Palentonga Fighter)      Turns: 4423, Time: 00:06:32

HP:   -1/38 (52)    AC:  7    Str: 19    XL:     6   Next: 69%
MP:   6/6           EV: 12    Int:  8    God:
Gold: 78            SH:  0    Dex: 12    Spells: 5/5 levels left

rFire   + . .      SeeInvis +   p - +2 dagger (venom)
rCold   . . .      Faith    .   m - orb {mayhem}
rNeg    . . .      Spirit   .   b - +0 scale mail
rPois   .          Reflect  .   (no helmet)
rElec   .          Harm     .   (no cloak)
rCorr   .          Rampage  .   (no gloves)
Will    .....                   (no barding)
Stlth   ..........              (no amulet)
HPRegen 0.12/turn               h - ring of protection from fire
MPRegen 0.10/turn               i - +4 ring of evasion

@: very heavily drained
A: large, rugged brown scales 3, see invisible, deformed body, roll 1, armoured
tail
a: Rolling Charge


You were on level 4 of the Dungeon.
You visited 1 branch of the dungeon, and saw 4 of its levels.

You collected 78 gold pieces.

Inventory:

Hand Weapons
 a - a +0 flail
 p - a +2 dagger of venom (weapon)
Armour
 b - a +0 scale mail (worn)
 c - a +0 buckler
 m - an orb of mayhem (worn)
Jewellery
 h - a ring of protection from fire (left hand)
 i - a +4 ring of evasion (right hand)
Scrolls
 g - 3 scrolls of identify {unknown}
 j - a scroll of magic mapping {unknown}
 l - a scroll of vulnerability {unknown}
Potions
 d - a potion of might
 e - a potion of brilliance {unknown}
 f - a potion of flight {unknown}
 k - a potion of attraction {unknown}
 n - a potion of curing {unknown}
 o - a potion of berserk rage {unknown}


   Skills:
 + Level 4.5 Fighting
 + Level 3.8 Maces & Flails
 + Level 3.7 Armour
 + Level 2.2 Dodging
 + Level 0.1 Stealth
 + Level 2.9 Shields


You had 5 spell levels left.
You didn't know any spells.
Your spell library was empty.

Dungeon Overview and Level Annotations

Branches:
Dungeon (4/15)
 Temple: D:4-7

Altars:

Shops:
D:1 =   D:2 [

Annotations:
D:4 Edmund


Innate Abilities, Weirdness & Mutations

You are completely covered in rugged brown scales. (AC +3, +7% HP)
You have supernaturally acute eyesight. (SInv)
Armour fits poorly on your strangely shaped body.
You can roll at nearby foes to attack.
You have a long armoured tail.


Message History

You closely miss Edmund. You tail-slap Edmund.
Edmund is lightly wounded.
Edmund hits you with a +1 flail of draining!
You feel drained.
You hit Edmund but do no damage.
Edmund is poisoned.
Edmund is lightly wounded.
Edmund hits you with a +1 flail of draining.
You feel drained.
You hit Edmund.
Edmund looks as sick as possible!
Edmund is moderately wounded.
Edmund closely misses you.
You hit Edmund but do no damage.
Edmund is moderately wounded.
Edmund hits you with a +1 flail of draining.
You feel drained.
You hit Edmund but do no damage.
Edmund looks as sick as possible!
Your tail-slap misses Edmund.
Edmund is moderately wounded.
Edmund closely misses you.
You hit Edmund.
Edmund is moderately wounded.
Edmund hits you with a +1 flail of draining.
You feel drained.
You barely miss Edmund.
Edmund is moderately wounded.
Edmund hits you but does no damage.
You feel drained.
You hit Edmund but do no damage.
Edmund looks as sick as possible!
Edmund is heavily wounded.
Edmund closely misses you.
You hit Edmund.
Edmund is heavily wounded.
Edmund gestures with his flail.
Edmund completely misses you.
You closely miss Edmund.
Edmund is severely wounded.
Edmund says, "People accused me of being a cutpurse!"
Edmund hits you with a +1 flail of draining!
* * * LOW HITPOINT WARNING * * *
You feel drained.
You die...

#.############
#............#
####.##.####.##
##...≈♣≈......#
##.....≈.......#
#.....)...!....##
#..≈..........≈..##
...≈≈..........≈≈..##
......).......@@:...#
....................#
.....(..####........#
.......## ##......≈#
≈...... #.....≈♣#
#......≈# #.......#
........#


You could see Edmund (invisible, extremely poisoned).

Vanquished Creatures
  A black bear (D:4)
  A phantom (D:4)
  A scorpion (D:4)
  A hound (D:3)
  A centaur skeleton (D:4)
  An orc wizard (D:4)
  6 adders
  A gnoll (D:1)
  2 worms (D:2)
  A dart slug (D:1)
  2 orcs
  3 ball pythons
  4 bats
  3 endoplasms
  2 giant cockroaches (D:1)
  7 goblins
  6 hobgoblins
  4 jackals (D:3)
  6 kobolds
  4 quokkas (D:1)
  2 frilled lizards
  3 rats
62 creatures vanquished.

Vanquished Creatures (collateral kills)
  An orc (D:4)
1 creature vanquished.

Vanquished Creatures (others)
  An orc (D:4)
  10 plants (D:4)
11 creatures vanquished.

Grand Total: 74 creatures vanquished

Notes
Turn   | Place    | Note
-------+----------+-------------------------------------------
     0 | D:1      | lonewolfV2 the Palentonga Fighter began the quest for the
                  | Orb.
     0 | D:1      | Reached XP level 1. HP: 19/19 MP: 1/1
    77 | D:1      | Found Guexint's Jewellery Emporium.
   121 | D:1      | Reached XP level 2. HP: 25/25 MP: 2/2
   564 | D:1      | Reached XP level 3. HP: 15/31 MP: 3/3
  1092 | D:2      | Found Kisicrucs's Antique Armour Emporium.
  1724 | D:2      | Found a faded altar of an unknown god.
  1862 | D:2      | Reached XP level 4. HP: 25/39 MP: 4/4
  2353 | D:3      | Reached skill level 1 in Dodging
  2734 | D:3      | Reached skill level 4 in Fighting
  2935 | D:3      | Reached XP level 5. HP: 29/44 MP: 5/5
  3386 | D:4      | Noticed a black bear
  3402 | D:4      | Killed a black bear
  3403 | D:4      | Reached XP level 6. HP: 19/51 MP: 6/6
  4405 | D:4      | Noticed Edmund
  4423 | D:4      | Slain by Edmund

Illustrated notes

Levels and vault maps discovered:
D:1:      dpeg_arrival_shrine, layout_basic, serial_shops,
          nicolae_shop_advertising_works [nicolae_subvault_shop_adworks],
          minivault_14
D:2:      layout_basic, shapermc_ecumenical_altar_venn, serial_shops, shop
D:3:      layout_basic
D:4:      cheibrodos_old_hovel, layout_loops_ring, kennysheep_decorative_pillar,
          solitary_fountain, hex_tiny, patterned_corridor, uniq_edmund

Skill      XL: |  1  2  3  4  5 |
---------------+----------------+-----
Dodging        | 1 2 |  2.2
Fighting       | 4 |  4.5
Maces & Flails | 3 |  3.8
Armour         | 3 |  3.7
Stealth        | |  0.1
Shields        | |  2.9

Action                   |  1- 3 |  4- 6 || total
-------------------------+-------+-------++-------
Melee: Flail             |    90 |    95 ||   185
       Tailslap          |    14 |    17 ||    31
       Dagger            |       |    24 ||    24
 Abil: Rolling Charge    |     7 |     2 ||     9
Armor: Scale mail        |    54 |    70 ||   124
Dodge: Dodged            |    39 |    93 ||   132
Block: Buckler           |    25 |    18 ||    43

Table legend: (Time is in decaauts)
 A = Elapsed time spent in this place.
 B = Non-inter-level travel time spent in this place.
 C = Inter-level travel time spent in this place.
 D = Time resting spent in this place.
 E = Time spent auto-exploring this place.
 F = Levels seen in this place.
 G = Mean time per level.
                   A        B        C        D        E       F      G
               +--------+--------+--------+--------+--------+-----+--------+
         Total |   4474 |   4381 |     93 |    352 |   3410 |   4 | 1118.5 |
       Dungeon |   4474 |   4381 |     93 |    352 |   3410 |   4 | 1118.5 |
               +--------+--------+--------+--------+--------+-----+--------+

Top non-repeatable levels by time:
     D:4: 1304 daAuts
     D:2: 1202 daAuts
     D:1: 1106 daAuts
     D:3: 861 daAuts
